 Dungeon Crawl Stone Soup version 0.26.0-45-g9c1d065592 (webtiles) character file.

Game seed: 13998229239452014407

(classic levelgen) 555 thiole the Ducker (level 7, -2/67 HPs)
             Began as an Octopode Hedge Wizard on Jan 31, 2021.
             Was an Initiate of Gozag.
             Slain by a killer bee (4 damage)
             ... on level 7 of the Dungeon.
             The game lasted 00:05:22 (6475 turns).

thiole the Ducker (Octopode Hedge Wizard)           Turns: 6475, Time: 00:05:22

Health: -2/67      AC:  1    Str: 10    XL:     7   Next: 30%
Magic:  11/11      EV: 15    Int: 18    God:    Gozag
Gold:   290        SH:  0    Dex: 11    Spells: 5/12 levels left

rFire    . . .     SeeInvis .   p - +2 dagger (drain)
rCold    . . .     Faith    .   (no shield)
rNeg     . . .     Spirit   .   b - +0 hat
rPois    .         Reflect  .   (no amulet)
rElec    .         Harm     .   (no ring)
rCorr    .         Rampage  .   (no ring)
Will     .....                  (no ring)
Stlth    ..........             (no ring)
HPRegen  0.21/turn              (no ring)
MPRegen  0.12/turn              (no ring)
                                (no ring)
                                (no ring)

@: berserking, lethally poisoned (-2 -> -4), gold aura, very quick
A: almost no armour, stealthy swim, amphibious, 8 rings, constrict 8, camouflage
1, gelatinous body 1
a: Renounce Religion, Potion Petition, Call Merchant, Bribe Branch


You were on level 7 of the Dungeon.
You worshipped Gozag.
Gozag was aware of your devotion.
You visited 2 branches of the dungeon, and saw 7 of its levels.

You collected 334 gold pieces.
You paid 44 gold pieces to Gozag.

Inventory:

Hand Weapons
 a - a +0 dagger
 p - a +2 dagger of draining (weapon)
Armour
 b - a +0 hat (worn)
Wands
 i - a wand of random effects (21)
 k - a wand of flame (8)
Scrolls
 d - 3 scrolls of teleportation
 g - 2 scrolls of enchant weapon {unknown}
 h - 4 scrolls of immolation {unknown}
 j - 4 scrolls of remove curse {unknown}
 m - 5 scrolls of amnesia {unknown}
 n - 4 scrolls of fear {unknown}
 o - 6 scrolls of identify {unknown}
 u - 2 scrolls of fog {unknown}
 w - a scroll of noise {unknown}
Potions
 c - a potion of magic {unknown}
 e - 3 potions of curing
 f - a potion of berserk rage
 l - 3 potions of flight {unknown}
 q - 2 potions of degeneration {unknown}
 r - a potion of cancellation {unknown}
 s - a potion of haste {unknown}
 t - a potion of attraction {unknown}
 v - a potion of invisibility {unknown}


   Skills:
 - Level 2.0 Fighting
 + Level 3.1 Short Blades
 - Level 6.0 Dodging
 - Level 2.7 Stealth
 - Level 3.0 Spellcasting
 - Level 2.0 Conjurations
 - Level 2.0 Summonings
 - Level 1.0 Translocations


You had 5 spell levels left.
You knew the following spells:

 Your Spells              Type           Power        Failure   Level
a - Magic Dart            Conj           36%          7%          1
b - Call Imp              Summ           9%           11%         2
c - Blink                 Tloc           N/A          16%         2
d - Slow                  Hex            2%           24%         2

Your spell library contained the following spells:

 Spells                   Type           Power        Failure   Level
 Conjure Flame            Conj/Fire      6%           32%         3
 Mephitic Cloud           Conj/Pois/Air  5%           36%         3


Dungeon Overview and Level Annotations

Branches:
Dungeon (7/15)             Temple (1/1) D:5

Altars:
Dithmenos
Gozag
Kikubaaqudgha
Nemelex Xobeh
Okawaru
Qazlal
Ru
Sif Muna
Trog
Uskayaw
Vehumet
Wu Jian
Yredelemnul
Zin

Annotations:
D:5 exclusion: statue


Innate Abilities, Weirdness & Mutations

You cannot wear most types of armour.
You are very stealthy in the water. (Stealth+)
You are amphibious.
You can wear up to eight rings at the same time.
You can use your tentacles to constrict eight enemies at once.
Your skin changes colour to match your surroundings (Stealth+).
Your rubbery body absorbs attacks. (AC +1, EV +1)


Message History

The killer bee misses you. The jackal bites you.
* * * LOW HITPOINT WARNING * * *
You puncture the iguana! You grab the iguana.
The iguana is severely wounded.
You constrict the iguana, but do no damage.
You feel sick.
A killer bee comes into view.
The killer bee stings you but does no damage.
The iguana bites you.
* * * LOW HITPOINT WARNING * * *
The jackal bites you.
* * * LOW HITPOINT WARNING * * *
The centaur warrior skeleton hits you!
* * * LOW HITPOINT WARNING * * *
You hit the iguana but do no damage.
The iguana is severely wounded.
You constrict the iguana, but do no damage.
The killer bee stings you.
You die...
Your body crumbles into a pile of gold. ## .. # ###y #. # #yy

#.. #. #y#
...#.###@#### .
......hZl..#
....#.#$.....###
.......<.......#
#.##..#..$...#.#
#............?
#....#########
#..#.# #..#.# $


You could see an iguana, 4 killer bees, a jackal and a centaur warrior skeleton.

Vanquished Creatures
  Duvessa (D:5)
  Dowan (D:5)
  3 wights (D:6)
  A bullfrog zombie (D:5)
  2 hounds
  Jessica (D:2)
  A worker ant zombie (D:5)
  3 adders
  A gnoll (D:1)
  2 oozes
  An adder zombie (D:6)
  3 worms
  3 leopard geckos
  6 orcs
  3 bats
  5 giant cockroaches
  12 goblins
  5 hobgoblins
  5 jackals
  A ball python (D:3)
  8 frilled lizards
  A jackal zombie (D:6)
  9 kobolds
  12 rats
90 creatures vanquished.

Vanquished Creatures (collateral kills)
  A wight (D:6)
1 creature vanquished.

Vanquished Creatures (others)
  A plant (D:7)
1 creature vanquished.

Grand Total: 92 creatures vanquished

Notes
Turn   | Place    | Note
-------+----------+-------------------------------------------
     0 | D:1      | thiole the Octopode Hedge Wizard began the quest for the
                  | Orb.
     0 | D:1      | Reached XP level 1. HP: 11/11 MP: 4/4
   311 | D:1      | Reached XP level 2. HP: 17/17 MP: 3/6
   668 | D:1      | Reached XP level 3. HP: 21/21 MP: 5/7
   962 | D:1      | Reached skill level 3 in Dodging
  1624 | D:2      | Reached XP level 4. HP: 27/27 MP: 3/8
  1738 | D:2      | Noticed Jessica
  1743 | D:2      | Killed Jessica
  1744 | D:2      | Reached skill level 4 in Dodging
  1944 | D:2      | Reached skill level 1 in Fighting
  2095 | D:2      | Found a stormy altar of Qazlal.
  2197 | D:2      | Found a basalt altar of Yredelemnul.
  2221 | D:2      | Found an ancient bone altar of Kikubaaqudgha.
  2645 | D:3      | Reached XP level 5. HP: 29/34 MP: 0/9
  3952 | D:3      | You fall into a shaft and drop 2 floors!
  3952 | D:5      | Entered Level 5 of the Dungeon
  4256 | D:5      | Found a hide-covered altar of Uskayaw.
  4372 | D:5      | Reached skill level 5 in Dodging
  4372 | D:5      | Reached XP level 6. HP: 38/39 MP: 4/10
  4417 | D:5      | Found a staircase to the Ecumenical Temple.
  4456 | D:5      | Noticed Dowan
  4471 | D:5      | Killed Dowan
  4568 | D:5      | Noticed Duvessa
  4575 | Temple   | Entered the Ecumenical Temple
  4605 | Temple   | Became a worshipper of Gozag Ym Sagoz the Greedy
  4609 | Temple   | Learned a level 2 spell: Call Imp
  4612 | Temple   | Learned a level 2 spell: Blink
  4615 | Temple   | Learned a level 2 spell: Slow
  4633 | D:5      | Killed Duvessa
  4634 | D:5      | Reached skill level 6 in Dodging
  4845 | D:5      | Found a sacrificial altar of Ru.
  4889 | D:5      | Found a bloodstained altar of Trog.
  4895 | D:5      | Found a shimmering blue altar of Sif Muna.
  4898 | D:5      | Identified Sif Muna's Catalogue of Malediction
  4921 | D:5      | Found a radiant altar of Vehumet.
  5333 | D:6      | Reached skill level 1 in Short Blades
  5386 | D:6      | Reached XP level 7. HP: 20/45 MP: 3/11
  6474 | D:7      | HP: 2/67 [centaur warrior skeleton (8)]
  6475 | D:7      | Slain by a killer bee

Illustrated notes

Levels and vault maps discovered:
D:1:      dpeg_arrival_stone_temple_mockup, layout_basic
D:2:      layout_loops_ring, grunt_temple_overflow_open, minmay_between,
          uniq_jessica
D:3:      layout_basic
D:5:      layout_cave_pools, nzn_overflow_gifts_of_might_and_magic,
          nicolae_ru_the_path_less_chosen, nicolae_overflow_crystal_walls,
          vehumet_statue, minmay_temple_entry_statues_pillars, ldierk_geyser,
          kennysheep_nondescript
D:6:      layout_basic, chequers_serial_rivers_micro_a
D:7:      nzn_winding_woodlands_small
          [nzn_winding_woodlands_5x15_pathside_ponds,
          nzn_winding_woodlands_center_triple_pond,
          nzn_winding_woodlands_5x15_sawtooth], layout_loops_ring,
          kennysheep_mini_moat, uniq_maggie, uniq_duvessa, uniq_pikel
Temple:   compressed_dpeg_triangle_lava_temple

Skill      XL: |  1  2  3  4  5  6  7 |
---------------+----------------------+-----
Conjurations   | 2 |  2.0
Dodging        | 3 4 5 6 |  6.0
Fighting       | 1 2 |  2.0
Summonings     | 2 |  2.0
Short Blades   | 1 3 |  3.1
Stealth        | |  2.7
Spellcasting   | |  3.0
Translocations | |  1.0

Action                   |  1- 3 |  4- 6 |  7- 9 || total
-------------------------+-------+-------+-------++-------
Melee: Dagger            |    22 |    49 |    28 ||    99
       Constrict         |     9 |    14 |     8 ||    31
       Tentacles         |     7 |    10 |     6 ||    23
 Cast: Magic Dart        |    75 |   147 |    11 ||   233
       Call Imp          |       |     6 |     1 ||     7
  Use: Potion            |       |       |     2 ||     2
       Scroll            |       |       |     1 ||     1
 Stab: Distracted        |       |     1 |       ||     1
       Sleeping          |       |       |     2 ||     2
Armor: Skin              |     2 |     3 |     2 ||     7
Dodge: Dodged            |    19 |    41 |    28 ||    88
